 Dungeon Crawl Stone Soup version 0.25-a0-310-g60f0ac2d9a (webtiles) character file.

Game seed: 4891797245841090463, levelgen mode: classic

1579 Borgoz the Slasher (level 8, -4/44 HPs)
             Began as a Gargoyle Berserker on Dec 24, 2019.
             Was an Elder of Trog.
             Blown up by a centaur (26 damage)
             ... with a disintegration bolt
             ... on level 5 of the Dungeon.
             The game lasted 00:08:15 (4838 turns).

Borgoz the Slasher (Gargoyle Berserker)             Turns: 4838, Time: 00:08:15

Health: -4/44      AC: 16    Str: 22    XL:     8   Next: 91%
Magic:  8/8        EV: 29    Int:  7    God:    Trog [****..]
Gold:   201        SH:  4    Dex: 11    Spells: 7/7 levels left

rFire    . . .     SeeInvis .   a - +0 falchion
rCold    + . .     Gourm    .   (no shield)
rNeg     + . .     Faith    .   t - +2 ring mail {rPois}
rPois    ∞         Spirit   .   (helmet restricted)
rElec    +         Reflect  .   s - -1 cloak
rCorr    .         Harm     .   (no gloves)
MR       .....                  (no boots)
Stlth    +.........             q - amulet of the acrobat
HPRegen  0.14/turn              (no ring)
MPRegen  0.11/turn              (no ring)

@: acrobat
A: antennae 1, iridescent scales 1, large bone plates 1, cold resistance 1,
frail 1, negative energy resistance 1, electricity resistance, unbreathing,
petrification resistance, rot immunity, sturdy frame 1, AC +5
a: Berserk, Trog's Hand, Brothers in Arms, Renounce Religion


You were on level 5 of the Dungeon.
You worshipped Trog.
Trog was greatly pleased with you.
You were not hungry.

You visited 1 branch of the dungeon, and saw 5 of its levels.
You also visited: Sewer.

You collected 201 gold pieces.

Inventory:

Hand Weapons
 a - a +0 falchion (weapon)
Armour
 b - a +0 helmet
 s - a -1 cloak (worn)
 t - a +2 ring mail of poison resistance (worn)
Jewellery
 q - an amulet of the acrobat (around neck)
Wands
 z - a wand of disintegration (12)
Scrolls
 d - 5 scrolls of teleportation
 f - 3 scrolls of enchant armour {unknown}
 g - a scroll of fog {unknown}
 h - 3 scrolls of identify {unknown}
 k - 2 scrolls of magic mapping {unknown}
 p - a scroll of amnesia {unknown}
 u - a scroll of enchant weapon {unknown}
 v - a scroll of fear {unknown}
 x - a scroll of immolation {unknown}
 y - 4 scrolls of remove curse
 B - a scroll of blinking {unknown}
Potions
 e - a potion of flight
 i - a potion of lignification {unknown}
 j - 2 potions of might {unknown}
 l - 3 potions of curing
 m - a potion of brilliance {unknown}
 n - 5 potions of heal wounds
 o - 3 potions of magic
 r - a potion of ambrosia {unknown}
 w - a potion of resistance {unknown}
 C - a potion of degeneration {unknown}
Comestibles
 c - 5 rations
 A - 3 chunks of flesh


   Skills:
 + Level 5.1 Fighting
 * Level 6.4 Long Blades
 + Level 5.4 Armour
 * Level 5.6 Dodging


You had 7 spell levels left.
You didn't know any spells.
Your spell library was empty.

Dungeon Overview and Level Annotations

Branches:
Dungeon (5/15)              Sewer (visited)
 Temple: D:4-7

Altars:
Elyvilon
Gozag
Ru


Innate Abilities, Weirdness & Mutations

You are resistant to torment.
Your stone body is resilient. (AC +5)
You are immune to poison.
You resist negative energy. (rN+)
You are resistant to electric shocks. (rElec)
You can survive without breathing.
You are immune to petrification.
You are immune to rotting.
You have a pair of small antennae on your head.
You are partially covered in iridescent scales. (AC +2)
You are partially covered in large bone plates. (SH +4)
Your flesh is cold resistant. (rC+)
You are frail. (-10% HP)
Your movements are slightly less encumbered by armour. (ER -2)


Message History

Evoke which item? (* to show all) (? for menu, Esc to quit)
Okay, then.
The centaur shoots an arrow.
The arrow closely misses you.
You see here an arrow.
The centaur shoots an arrow.
You block the arrow.
The centaur zaps a wand.
You struggle to resist.
You see here an arrow.
The centaur shoots an arrow.
The arrow misses you.
The centaur shoots an arrow.
The arrow completely misses you.
The centaur zaps a wand.
You are blasted!
Ouch! That really hurt!
The centaur unwields a +0 shortbow.
You block the centaur's attack.
You are too injured to fight recklessly!
You are too injured to fight recklessly!
You are too injured to fight recklessly!
You are too injured to fight recklessly!
You are too injured to fight recklessly!
The centaur zaps a wand.
You are blasted!
Ouch! That really hurt!
You die...

#...# #......#.# # ##. #.###
#.(#...#.# ###.. #.# ##..#(..#.#
# #...# #.# ##...(.....#
#.###...# #.# #..###(..###
###.##...## ###.#####.##5##..#
#........# .......##.#555#..#
#.####...#
###.....#.#)∩$#..######.####..###
#.......#(.$#.@c........##÷.#..
#.....#.##.##..#.####.#.##.÷'..
##^..##..###...#.# #.#..#).#..
#.............#.# #.......###
#..###..#.##.##.# ####.##.≈#
#....#...)...##.# #.###)#
#.##.#.##.......# #.# #.#
#.##.#.###..<..## #.# #..#
#..<...# #.....# ... ...#


You could see a centaur.

Vanquished Creatures
  A wizard (D:5)
  A sky beast (D:5)
  A phantom (D:4)
  An ice beast (D:5)
  2 ogres
  A scorpion (D:5)
  4 howler monkeys (D:4)
  A crimson imp (D:5)
  An orc wizard (D:5)
  2 orc priests
  A hound (D:4)
  Jessica (D:3)
  An iguana (D:3)
  A worker ant (D:5)
  A hound skeleton (D:5)
  4 adders
  2 river rats (D:5)
  An ooze (D:4)
  5 worms
  4 leopard geckos
  13 orcs
  2 giant cockroaches
  9 goblins
  8 hobgoblins
  15 jackals
  18 kobolds
  6 quokkas
  6 ball pythons
  6 bats
  9 frilled lizards
  A jackal skeleton (D:5)
  A quokka skeleton (D:4)
  20 rats
  3 plants (Sewer)
153 creatures vanquished.

Vanquished Creatures (others)
  2 plants (Sewer)
2 creatures vanquished.

Grand Total: 155 creatures vanquished

Notes
Turn   | Place    | Note
-------+----------+-------------------------------------------
     0 | D:1      | Borgoz the Gargoyle Berserker began the quest for the Orb.
     0 | D:1      | Reached XP level 1. HP: 14/14 MP: 1/1
    37 | D:1      | Reached XP level 2. HP: 11/19 MP: 2/2
    52 | D:1      | Reached skill level 3 in Long Blades
   482 | D:1      | Reached ** piety under Trog
   501 | D:1      | Reached XP level 3. HP: 17/23 MP: 3/3
   752 | D:2      | Found a sacrificial altar of Ru.
   880 | D:2      | Found a sacrificial altar of Ru.
   890 | D:2      | Reached XP level 4. HP: 20/28 MP: 4/4
  1081 | D:2      | Found an opulent altar of Gozag.
  1600 | D:3      | Found a white marble altar of Elyvilon.
  1689 | D:3      | Reached XP level 5. HP: 32/32 MP: 5/5
  1795 | D:3      | Reached *** piety under Trog
  1848 | D:3      | Noticed Jessica
  1855 | D:3      | Killed Jessica
  2055 | D:3      | Reached skill level 4 in Long Blades
  2415 | D:4      | Reached XP level 6. HP: 37/37 MP: 6/6
  2596 | D:4      | Reached XP level 7. HP: 35/42 MP: 7/7
  2756 | D:4      | Reached **** piety under Trog
  2831 | D:4      | Reached skill level 5 in Long Blades
  3448 | D:5      | Entered Level 5 of the Dungeon
  3588 | D:5      | Noticed a wizard
  3599 | D:5      | Gained mutation: You have sharp fingernails. [potion of
                  | mutation]
  3599 | D:5      | Gained mutation: You do not regenerate when monsters are
                  | visible. [potion of mutation]
  3599 | D:5      | Gained mutation: You are partially covered in iridescent
                  | scales. (AC +2) [potion of mutation]
  3616 | D:5      | Killed a wizard
  3616 | D:5      | Reached skill level 5 in Armour
  3616 | D:5      | Reached skill level 5 in Dodging
  3616 | D:5      | Reached XP level 8. HP: 48/48 MP: 8/8
  3618 | D:5      | Reached skill level 6 in Long Blades
  3631 | D:5      | Reached skill level 5 in Fighting
  3750 | D:5      | Found a glowing drain.
  3805 | Sewer    | Entered a sewer
  3976 | Sewer    | Lost mutation: You have sharp fingernails. [potion of
                  | mutation]
  3976 | Sewer    | Gained mutation: You tend to lose your temper in combat.
                  | [potion of mutation]
  3976 | Sewer    | Lost mutation: You tend to lose your temper in combat.
                  | [potion of mutation]
  3976 | Sewer    | Gained mutation: Your movements are slightly less
                  | encumbered by armour. (ER -2) [potion of mutation]
  3976 | Sewer    | Gained mutation: You expend magic power (3 MP) to
                  | strengthen your wands. [potion of mutation]
  3977 | Sewer    | Lost mutation: You do not regenerate when monsters are
                  | visible. [potion of mutation]
  3977 | Sewer    | Lost mutation: You expend magic power (3 MP) to strengthen
                  | your wands. [potion of mutation]
  3977 | Sewer    | Gained mutation: You have a pair of small antennae on your
                  | head. [potion of mutation]
  3977 | Sewer    | Gained mutation: You are frail. (-10% HP) [potion of
                  | mutation]
  3977 | Sewer    | Gained mutation: Your flesh is cold resistant. (rC+)
                  | [potion of mutation]
  3977 | Sewer    | Gained mutation: You are partially covered in large bone
                  | plates. (SH +4) [potion of mutation]
  4838 | D:5      | Blown up by a centaur

Levels and vault maps discovered:
D:1:      erik_arrival_orb_chamber, layout_basic
D:2:      layout_basic, nicolae_overflow_hidden_temple, marbit_many_paths,
          nicolae_ru_sacrificial_ziggurat
D:3:      layout_basic, elyvilon_altar_4, minmay_misc_feat_encased, uniq_jessica
D:4:      layout_cave_pods, first_ration
D:5:      cheibrodos_quashed, layout_loops_cross, portal_sewer_entry_c,
          minmay_divided_ellipse

Skill      XL: |  1  2  3  4  5  6  7  8 |
---------------+-------------------------+-----
Long Blades    | 3 4 5 6 |  6.4
Dodging        | 2 3 5 |  5.6
Armour         | 3 5 |  5.4
Fighting       | 4 5 |  5.1

Action                   |  1- 3 |  4- 6 |  7- 9 || total
-------------------------+-------+-------+-------++-------
Melee: Falchion          |    89 |   208 |   477 ||   774
Invok: Berserk           |       |     5 |     3 ||     8
       Trog's Hand       |       |       |     3 ||     3
  Use: Potion            |       |       |     7 ||     7
       Scroll            |       |       |     2 ||     2
  Eat: Chunk             |       |    11 |     9 ||    20
       Ration            |       |       |     1 ||     1
Armor: Animal skin       |    22 |       |       ||    22
       Ring mail         |    20 |   100 |   130 ||   250
Dodge: Dodged            |    62 |   171 |   208 ||   441
Block: Other             |       |       |    19 ||    19
       Rpst.: Falchion   |    22 |    60 |    67 ||   149

Table legend:
 A = Non-vault XP
 B = Vault XP
 C = Vault XP percentage of total XP
 D = Non-vault monster count
 E = Vault monster count
 F = Vault count percentage of total count
                 A         B        C        D         E       F
            +---------+---------+-------+---------+---------+-------
      Total |    1138 |    1118 |  49.6 |     103 |      47 |  31.3
            +---------+---------+-------+---------+---------+-------
        D:1 |      24 |      12 |  33.3 |      14 |      12 |  46.2
        D:2 |      73 |       2 |   2.7 |      17 |       1 |   5.6
        D:3 |     167 |      39 |  18.9 |      45 |       2 |   4.3
        D:4 |     555 |       0 |   0.0 |      13 |       0 |   0.0
        D:5 |     319 |    1024 |  76.2 |      14 |      12 |  46.2
      Sewer |       0 |      41 | 100.0 |       0 |      20 | 100.0
            +---------+---------+-------+---------+---------+-------
